 Dungeon Crawl Stone Soup version 0.19.4-8-ga85b6b9 (webtiles) character file.

65 Gargoyl the Skirmisher (level 4, -1/40 (41) HPs)
             Began as a Ghoul Abyssal Knight on Feb 14, 2017.
             Was a Follower of Lugonu.
             Slain by an ufetubus (2 damage)
             ... summoned by a ynoxinul
             ... on level 2 of the Abyss.
             The game lasted 00:01:29 (161 turns).

Gargoyl the Skirmisher (Ghoul Abyssal Knight)        Turns: 161, Time: 00:01:30

HP:   -1/40 (41)    AC:  4    Str: 15    XL:     4   Next: 14%
MP:   1/4           EV: 11    Int:  7    God:    Lugonu [*.....]
Gold: 10            SH:  0    Dex:  9    Spells: 0 memorised, 3 levels left

rFire  . . .     SeeInvis .     a - +1 hand axe
rCold  + . .     Gourm    .     b - +1 leather armour
rNeg   + + +     Faith    .     (no shield)
rPois  ∞         Spirit   .     (no helmet)
rElec  .         Reflect  .     (no cloak)
rCorr  .         Harm     .     (no gloves)
MR     .....                    (no boots)
Stlth  +.........               (no amulet)
                                (no ring)
                                (no ring)

@: rotting
A: rotting body, claws 1, carnivore 3, cold resistance 1, negative energy
resistance 3, slow regeneration 1, torment resistance, unbreathing
a: Depart the Abyss, Renounce Religion


You were on level 2 of the Abyss.
You worshipped Lugonu.
Lugonu was aware of your devotion.
You were not hungry.

You visited 0 branches of the dungeon, and saw 0 of its levels.
You visited the Abyss 1 time.

You collected 10 gold pieces.

Inventory:

Hand Weapons
 a - a +1 hand axe (weapon)
Armour
 b - a +1 leather armour (worn)
Comestibles
 c - a meat ration


   Skills:
 + Level 4.6 Fighting
 + Level 2.1 Axes
 + Level 2.2 Armour
 + Level 0.8 Dodging
 + Level 2.4 Invocations


You had 3 spell levels left.
You didn't know any spells.

Dungeon Overview and Level Annotations

Branches:
Dungeon (0/15)

Altars:


Innate Abilities, Weirdness & Mutations

Your body is rotting away.
You thrive on raw meat.
You are immune to poison.
You have sharp fingernails.
You are carnivorous and can eat meat at any time.
Your flesh is cold resistant. (rC+)
You are immune to negative energy. (rN+++)
You regenerate slowly when monsters are visible.
You are immune to unholy pain and torment.
You can survive without breathing.


Message History

The ufetubus closely misses you.
The ynoxinul gestures.
You hit the great orb of eyes but do no damage.
The great orb of eyes is almost dead.
You hit the ufetubus but do no damage.
The ufetubus disappears in a puff of smoke!
The ufetubus closely misses you. The ufetubus hits you.
* * * LOW HITPOINT WARNING * * *
The great orb of eyes bites you but does no damage.
The ufetubus barely misses you. The ufetubus hits you.
* * * LOW HITPOINT WARNING * * *
The great orb of eyes gazes at you.
You barely resist.
Unknown command.
You hit the great orb of eyes but do no damage.
The great orb of eyes is almost dead.
You hit the ufetubus but do no damage.
The ufetubus hits you but does no damage.
The ufetubus barely misses you. The ufetubus hits you.
You die...

# # #. . .##
##. # #.###. #
## ..... #
##.##.# # ..
#....#. .. .
.... ##@#. ## #
# #.
..#55#G35.#
#..#
#.....5#5#.....
## #.##..#.5.
..##.# # ## #..
##...#. .. ....
..#X## .#### #
###..#...∩* .#
. . . .. .
.#....# . #. .
# # # # . *3


You could see a great orb of eyes, a ynoxinul and 6 ufetubi.

Vanquished Creatures (collateral kills)
  A large abomination (Abyss:2)
  A quasit (Abyss:2)
2 creatures vanquished.

Notes
Turn   | Place    | Note
-------+----------+-------------------------------------------
     0 | Abyss:1  | Gargoyl the Ghoul Abyssal Knight began the quest for the Orb.
     0 | Abyss:1  | Reached XP level 1. HP: 19/19 MP: 1/1
    97 | Abyss:2  | Noticed a great orb of eyes
    99 | Abyss:2  | Noticed a large abomination
   109 | Abyss:2  | Killed a large abomination
   109 | Abyss:2  | Reached skill level 4 in Fighting
   109 | Abyss:2  | Reached XP level 2. HP: 27/27 MP: 0/2
   109 | Abyss:2  | Reached XP level 3. HP: 33/33 MP: 0/3
   125 | Abyss:2  | Reached XP level 4. HP: 40/40 MP: 1/4
   143 | Abyss:2  | Paralysed by a great orb of eyes for 3 turns
   151 | Abyss:2  | Paralysed by a great orb of eyes for 4 turns
   153 | Abyss:2  | Noticed a ynoxinul
   157 | Abyss:2  | Paralysed by a great orb of eyes for 2 turns
   160 | Abyss:2  | HP: 1/40 [ufetubus[a ynoxinul] (4)]
   161 | Abyss:2  | Slain by an ufetubus

Skill      XL: |  1 |
---------------+----+-----
Fighting       | 4 |  4.6
Axes           | 2 |  2.1
Armour         | 2 |  2.2
Dodging        | |  0.8
Invocations    | |  2.4

Action                   |  1- 3 |  4- 6 || total
-------------------------+-------+-------++-------
Melee: Hand axe          |       |     9 ||     9
  Use: Scroll            |     2 |       ||     2
Armor: Leather armour    |       |     3 ||     3
Dodge: Dodged            |     1 |     8 ||     9
